 Dungeon Crawl Stone Soup version 0.28.0-45-g0d030f2227 (webtiles) character file.

Game seed: 17740961712606037817

49 dianekeaton the Chopper (level 3, -1/31 HPs)
             Began as a Hill Orc Monk on Apr 5, 2022.
             Slain by a gnoll
             ... wielding a +0 halberd
              (9 damage)
             ... on level 2 of the Dungeon.
             The game lasted 00:03:04 (1219 turns).

dianekeaton the Chopper (Hill Orc Monk)             Turns: 1219, Time: 00:03:04

Health: -1/31      AC:  8    Str: 15    XL:     3   Next: 77%
Magic:  3/3        EV:  6    Int: 10    God:
Gold:   72         SH:  0    Dex: 13    Spells: 2/2 levels left

rFire   . . .      SeeInvis .   a - +0 hand axe
rCold   . . .      Faith    .   (no shield)
rNeg    . . .      Spirit   .   c - +0 chain mail
rPois   .          Reflect  .   (no helmet)
rElec   .          Harm     .   (no cloak)
rCorr   .          Rampage  .   (no gloves)
Will    .....                   (no boots)
Stlth   ..........              (no amulet)
HPRegen 0.10/turn               (no ring)
MPRegen 0.08/turn               (no ring)

@: no status effects
A: no striking features
a: no special abilities


You were on level 2 of the Dungeon.
You visited 1 branch of the dungeon, and saw 2 of its levels.

You collected 72 gold pieces.

Inventory:

Hand Weapons
 a - a +0 hand axe (weapon)
Missiles
 d - 80 stones (quivered)
Armour
 b - a +0 robe
 c - a +0 chain mail (worn)
Scrolls
 e - 2 scrolls of enchant weapon {unknown}
 g - 3 scrolls of teleportation {unknown}
 h - a scroll of enchant armour {unknown}
 i - a scroll of identify {unknown}
Potions
 f - a potion of curing {unknown}


   Skills:
 - Level 3.6 Fighting
 + Level 6.1 Axes
 - Level 2.4 Dodging
 - Level 1.5 Stealth


You had 2 spell levels left.
You didn't know any spells.
Your spell library contained the following spells:

 Spells                   Type           Power      Damage    Failure   Level
 Foxfire                  Conj/Fire      0%         2x1d4     100%        1
 Conjure Flame            Conj/Fire      0%         6-21      100%        3
 Inner Flame              Hex/Fire       0%         N/A       100%        3
 Flame Wave               Conj/Fire      0%         2d4       100%        4


Dungeon Overview and Level Annotations

Branches:
Dungeon (2/15)

Altars:


Message History

You kill the dart slug!
No target in view!
i - a scroll labelled ELAGHAXUDI You now have 72 gold pieces (gained 11).
You enter the shallow water.
Moving in this stuff is going to be slow.
A ball python comes into view.
The ball python hisses angrily.
A ball python is nearby!
The ball python bites you but does no damage.
The ball python grabs you. The ball python constricts you.
You escape the ball python's grasp.
You hit the ball python.
You kill the ball python!
Found a leather armour.
You enter the shallow water.
Moving in this stuff is going to be slow.
You see here a +0 leather armour.
You enter the shallow water.
Moving in this stuff is going to be slow.
Found a scroll labelled TEIDONETIQI and a leather armour.
Found a stone staircase leading down.
Found a scroll labelled ELAGHAXUDI.
A gnoll comes into view. It is wielding a +0 halberd.
Found a stone staircase leading up.
The gnoll shouts!
A gnoll comes into view. It is wielding a +0 spear.
The gnoll shouts!
A gnoll comes into view. It is wielding a +0 spear.
The gnoll closely misses you.
The gnoll hits you from afar with a +0 halberd.
The gnoll hits you from afar with a +0 halberd!
The gnoll completely misses you.
The gnoll hits you from afar with a +0 halberd!
The gnoll hits you but does no damage. The gnoll barely misses you.
The gnoll hits you but does no damage.
The gnoll hits you from afar with a +0 spear.
* * * LOW HITPOINT WARNING * * *
The gnoll hits you from afar with a +0 halberd!
You die...

#..........#####.#..############
####.....#..## #.#..#
.............# ##....#
#.......##...# #..##.#
.............###.....#
........#..........#.#
...#...............#.#
..8#....#..........#.#
..8...........g.@..#.# ###
..≈....[#.....g....#.##≈≈≈≈
..≈≈≈...#............≈≈≈≈≈≈
..≈≈≈≈≈≈...........≈≈≈≈≈≈≈≈
..≈≈≈≈≈≈≈≈≈≈....≈≈≈≈≈≈≈≈≈≈#
..≈≈≈≈≈≈≈≈≈≈≈≈≈≈≈≈≈≈≈≈≈≈≈##
..8≈≈≈≈≈≈≈≈≈≈≈≈≈≈≈≈≈≈≈≈.##
..8##.≈≈≈≈≈≈≈≈≈≈≈≈≈≈≈...#
...#....##≈≈≈≈≈≈≈≈.....##


You could see 2 gnolls.

Vanquished Creatures
  An adder (D:2)
  2 dart slugs
  7 ball pythons
  2 bats (D:1)
  3 endoplasms
  2 giant cockroaches (D:1)
  7 goblins
  2 hobgoblins
  3 kobolds (D:1)
  5 rats
34 creatures vanquished.

Notes
Turn   | Place    | Note
-------+----------+-------------------------------------------
     0 | D:1      | dianekeaton the Hill Orc Monk began the quest for the Orb.
     0 | D:1      | Reached XP level 1. HP: 19/19 MP: 1/1
   163 | D:1      | Reached XP level 2. HP: 26/26 MP: 2/2
   215 | D:1      | Reached skill level 5 in Axes
   517 | D:1      | Reached XP level 3. HP: 28/31 MP: 3/3
   969 | D:2      | Reached skill level 6 in Axes
  1219 | D:2      | Slain by a gnoll

Illustrated notes

Levels and vault maps discovered:
D:1:      minmay_arrival_four_loops, layout_rooms, minmay_ruptured
D:2:      wander_river, layout_rooms, minmay_misc_feat_tiny,
          minmay_misc_feat_more_columns, minmay_misc_feat_enclosed,
          serial_bayou_crossing

Skill      XL: |  1  2  3 |
---------------+----------+-----
Axes           | 5 6 |  6.1
Fighting       | |  3.6
Dodging        | |  2.4
Stealth        | |  1.5

Action                   || total
-------------------------++-------
Melee: Hand axe          ||    98
       Punch             ||     3
Armor: Chain mail        ||    66
Dodge: Dodged            ||    42
